cohdb
Replays
Latest Replays
All Replays
Popular Replays
Top Player Replays
Match Explorer
How It Works
Community
CoH3 Stats
Reddit
Sign in to upload your games and track your stats! →
Sign in with Steam
Match 41634809
Unlisted
Match 41634809
Overview
Messages
Build Orders
End
Selects Heavy Weapons
Construct Barracks
1⁄4-ton 4x4 Truck
Riflemen Squad
Riflemen Squad
Selects M2HB .50cal Heavy Machine Gun
Riflemen Squad
Infantry Support Center
M1 Mortar Team
Construct Weapon Support Center
M3 Armored Personnel Carrier
Selects Assault Carriers
M3 Assault Carrier
qUiBbLe WiBbLe
Cows with guns
Mo-J
Wheeler
0BL1V10N
1003604386
お前絶対殺すマン
ptbernardo07
0
0
Comments
sign in to comment!
No comments posted yet!